 Dungeon Crawl Stone Soup version 0.30-a0-1123-gabc949cf19 (webtiles) character file.

Game seed: 1148594590477293826

130 themarg the Firebug (level 4, -3/52 HPs)
             Began as a Demonspawn Cinder Acolyte on Apr 22, 2023.
             Was an Elder of Ignis.
             Succumbed to an orc warrior's poison
             ... on level 5 of the Dungeon.
             The game lasted 00:04:48 (2278 turns).

themarg the Firebug (Demonspawn Cinder Acolyte)     Turns: 2278, Time: 00:04:48

Health: -3/52      AC: 29    Str: 15    XL:     4   Next: 90%
Magic:  0/7        EV:  2    Int: 17    God:    Ignis [****..]
Gold:   164        SH:  0    Dex:  8    Spells: 5/7 levels left

rFire   + . .        a - -1 hand axe (flame)
rCold   . . .        (no shield)
rNeg    . . .        b - melded +0 robe
rPois   +            (helmet currently unavailable)
rElec   .            (cloak currently unavailable)
rCorr   .            (gloves currently unavailable)
SInv    .            (boots currently unavailable)
Will    .....        (no amulet)
Stlth   ++           (no ring)
HPRegen 0.28/turn    (no ring)
MPRegen 0.10/turn

%: no passive effects
@: lethally poisoned (-3 -> -30), tree-form, fiery-armoured
A: stationary, stasis, torment immunity, boosted hp, repulsion field 1, (spiny
1)
a: Renounce Religion, Fiery Armour, Foxfire Swarm, Rising Flame


You were on level 5 of the Dungeon.
You worshipped Ignis.
Ignis was greatly pleased with you.
You were a tree.
You visited 1 branch of the dungeon, and saw 4 of its levels.

You collected 164 gold pieces.

Inventory:

Hand Weapons
 a - a -1 hand axe of flaming (weapon)
Missiles
 f - 27 stones (quivered)
Armour
 b - a +0 robe (melded)
Scrolls
 h - 3 scrolls of teleportation
 i - a scroll of magic mapping {unknown}
 j - a scroll of noise {unknown}
 k - a scroll of fear {unknown}
 n - a scroll of amnesia {unknown}
Potions
 c - a potion of cancellation {unknown}
 d - a potion of mutation {unknown}
 e - a potion of lignification
 l - a potion of resistance
 m - a potion of curing {unknown}
 o - a potion of heal wounds {unknown}


   Skills:
 - Level 3.0 Fighting
 - Level 2.6 Axes
 + Level 2.7 Stealth
 - Level 2.0 Spellcasting
 + Level 3.9 Fire Magic


You had 5 spell levels left.
You knew the following spells:

 Your Spells              Type           Power      Damage    Failure   Level
a - Scorch                Fire           30%        2d6       6%          2

Your spell library contained the following spells:

 Spells                   Type           Power      Damage    Failure   Level
 Static Discharge         Conj/Air       2%         2-3/arc   28%         2
 Airstrike                Air            0%         2d(1-17)  88%         4
 Animate Armour           Summ/Erth      2%         N/A       88%         4
 Summon Lightning Spire   Summ/Air       1%         N/A       88%         4
 Blade Hands              Tmut           0%         N/A       99%         5
 Iron Shot                Conj/Erth      0%         9d1       100%        6


Dungeon Overview and Level Annotations

Branches:
Dungeon (5/15)
 Temple: D:4-7

Altars:
Fedhas

Annotations:
D:5 exclusion: centaur


Innate Abilities, Weirdness & Mutations

You are a tree.
Your roots penetrate the ground, keeping you stationary.
You cannot be teleported.
You are immune to unholy pain and torment.
Your maximum health is greatly increased.
Your equipment is partially melded.
You are surrounded by a mild repulsion field. (EV +2)
((You are partially covered in sharp spines.))


Message History

a +0 flail; an orc corpse An orc warrior and an orc come into view.
The orc warrior is wielding a +1 glaive of venom.
The orc warrior shouts!
Flames lash the orc.
The orc shouts!
The orc is moderately wounded.
The orc's fire resistance burns away.
Flames lash the orc.
The orc is burned terribly!
You kill the orc!
There is a stone staircase leading down here.
Flames lash the orc warrior.
The orc warrior is lightly wounded.
The orc warrior's fire resistance burns away.
The orc warrior hits you from afar with a +1 glaive of venom!
You are lethally poisoned!
Really quaff the potion of lignification?
You turn into a tree.
Your +0 robe melds into your body.
Your roots penetrate the ground.
You feel very sick.
The orc warrior hits you but does no damage.
You are lethally poisoned!
* * * LOW HITPOINT WARNING * * *
You feel extremely sick.
The orc warrior hits you but does no damage.
* * * LOW HITPOINT WARNING * * *
You feel very sick.
The orc warrior hits you from afar with a +1 glaive of venom.
* * * LOW HITPOINT WARNING * * *
Okay, then.
Okay, then.
Activating: Foxfire Swarm
Press: ? - help, Dir - look around, f - activate Flames leap up around you!
* * * LOW HITPOINT WARNING * * *
You feel very sick.
The orc warrior is no longer more vulnerable to fire.
The orc warrior hits you but does no damage.
You are more poisoned.
You die...

#.#.. ...#........#
.....
...#####.########.#
..... ...
..#.....####.# .....
#)# #.#.....+....#
.....
#.###.##....###..#
###..
#.....>.......#..#
#####...#o###.#).######
#####v# #.#........ #♣#
#.).......#
#v######.####.#
#vv......# # ##########


You could see an orc warrior (ally target).

Vanquished Creatures
  An orc priest (D:5)
  Jessica (D:2)
  An iguana (D:3)
  2 adders
  2 orcs (D:5)
  2 bats
  2 endoplasms
  A giant cockroach (D:2)
  A goblin (D:3)
  A hobgoblin (D:3)
  4 jackals (D:1)
  2 quokkas
  5 ball pythons
  2 frilled lizards (D:2)
  2 rats (D:2)
29 creatures vanquished.

Notes
Turn   | Place    | Note
-------+----------+-------------------------------------------
     0 | D:1      | themarg the Demonspawn Cinder Acolyte began the quest for
                  | the Orb.
     0 | D:1      | Reached XP level 1. HP: 18/18 MP: 2/2
   608 | D:1      | Gained mutation: You are partially covered in sharp spines.
                  | [demonic ancestry]
   608 | D:1      | Reached XP level 2. HP: 24/24 MP: 4/4
   611 | D:1      | Learned a level 2 spell: Scorch
  1027 | D:2      | Noticed Jessica
  1041 | D:2      | Killed Jessica
  1042 | D:2      | Reached skill level 1 in Stealth
  1042 | D:2      | Reached XP level 3. HP: 18/29 MP: 1/5
  1410 | D:2      | Found a blossoming altar of Fedhas.
  1913 | D:3      | Gained mutation: You are surrounded by a mild repulsion
                  | field. (EV +2) [demonic ancestry]
  1913 | D:3      | Reached XP level 4. HP: 33/35 MP: 0/7
  2155 | D:3      | You fall into a shaft and drop 2 floors!
  2155 | D:5      | Entered Level 5 of the Dungeon
  2160 | D:5      | Noticed a centaur
  2259 | D:5      | Noticed an orc warrior
  2278 | D:5      | Succumbed to an orc warrior's poison

Illustrated notes

Levels and vault maps discovered:
D:1:      dpeg_arrival_rooms_b, layout_basic, serial_aquarium,
          aquarium_bridge_straight [aquarium_subvault_bridge,
          aquarium_subvault_window, aquarium_subvault_bridge,
          aquarium_subvault_window], aquarium_bridge_island_small
          [aquarium_subvault_small_water, aquarium_subvault_wall,
          aquarium_subvault_window, aquarium_subvault_window,
          aquarium_subvault_bridge], aquarium_window_3, aquarium_window_1,
          aquarium_window_fake, aquarium_view_2e, aquarium_view_2a,
          aquarium_balcony_double_1
D:2:      layout_loops_ring, basic_altar, uniq_jessica
D:3:      minmay_spotlight, layout_loops_ring, led_xom_imps
D:5:      layout_basic, uniq_blork_the_orc, uniq_crazy_yiuf_cottage,
          uniq_menkaure, uniq_grinder

Skill      XL: |  1  2  3 |
---------------+----------+-----
Stealth        | 1 2 |  2.7
Fire Magic     | 3 |  3.9
Spellcasting   | 2 |  2.0
Fighting       | |  3.0
Axes           | |  2.6

Action                     |  1- 3 |  4- 6 || total
---------------------------+-------+-------++-------
  Melee: Hand axe          |    19 |     5 ||    24
   Cast: Scorch            |    19 |    11 ||    30
 Invoke: Fiery Armour      |     1 |     1 ||     2
         Foxfire Swarm     |       |     1 ||     1
    Use: Scroll            |       |     3 ||     3
         Potion            |       |     1 ||     1
 Armour: Robe              |     7 |     2 ||     9
         Skin              |       |     3 ||     3
  Dodge: Dodged            |    21 |     3 ||    24

Table legend: (Time is in decaauts)
 A = Elapsed time spent in this place.
 B = Non-inter-level travel time spent in this place.
 C = Inter-level travel time spent in this place.
 D = Time resting spent in this place.
 E = Time spent auto-exploring this place.
 F = Levels seen in this place.
 G = Mean time per level.
                   A        B        C        D        E       F      G
               +--------+--------+--------+--------+--------+-----+--------+
         Total |   2281 |   2239 |     42 |     55 |   1891 |   4 |  570.2 |
       Dungeon |   2281 |   2239 |     42 |     55 |   1891 |   4 |  570.2 |
               +--------+--------+--------+--------+--------+-----+--------+

Top non-repeatable levels by time:
     D:2: 982 daAuts
     D:1: 827 daAuts
     D:3: 348 daAuts
     D:5: 123 daAuts
